 Dungeon Crawl Stone Soup version 0.16.1-11-g651b585 (webtiles) character file.

15 hulla the Insei (level 2, 0/18 HPs)
             Began as an Octopode Transmuter on Apr 5, 2015.
             Slain by a worm (9 damage)
             ... on level 2 of the Dungeon.
             The game lasted 00:02:43 (847 turns).

hulla the Insei (Octopode Transmuter)                Turns: 847, Time: 00:02:43

Health: 0/18       AC:  1    Str:  9    XL:     2   Next: 50%
Magic:  4/4        EV: 12    Int: 15    God:
Gold:   60         SH:  0    Dex: 12    Spells: 1 memorised, 4 levels left

rFire  . . .     SeeInvis .       - Unarmed
rCold  . . .     Clarity  .     (no shield)
rNeg   . . .     SustAb   .     (helmet restricted)
rPois  .         Gourm    .     (no amulet)
rElec  .         Spirit   .     (no ring)
rCorr  .         Warding  .     (no ring)
rMut   .         Stasis   .     (no ring)
MR     .....                    (no ring)
Stlth  ++........               (no ring)
                                (no ring)
                                (no ring)
                                (no ring)

@: appendage (expiring), not resistant to hostile enchantments, unstealthy
A: almost no armour, amphibious, 8 rings, constrict 8, tentacle spike 3,
camouflage 1, gelatinous body 1
a: End Transformation


You were on level 2 of the Dungeon.
You were not hungry.
One of your tentacles had a temporary spike.
You visited 1 branch of the dungeon, and saw 2 of its levels.

You collected 60 gold pieces.

Inventory:

Missiles
 b - 32 arrows
Scrolls
 i - a scroll of recharging {unknown}
 j - a scroll of remove curse
 k - 3 scrolls of identify
Potions
 c - a potion of curing {unknown}
 e - a potion of might
 g - a potion of mutation {unknown}
Books
 d - a book of Changes

   Spells                             Type                      Level
   a - Beastly Appendage              Transmutation                1
   b - Sticks to Snakes               Transmutation                2
   c - Spider Form                    Transmutation/Poison         3
   d - Ice Form                       Ice/Transmutation            4
   e - Blade Hands                    Transmutation                5
Comestibles
 a - a bread ration
 f - 2 meat rations
 h - 4 chunks of flesh


   Skills:
 - Level 1.0 Fighting
 - Level 2.0 Dodging
 - Level 3.0 Unarmed Combat
 - Level 2.0 Spellcasting
 + Level 3.0 Transmutations


You had 4 spell levels left.
You knew the following spells:

 Your Spells              Type           Power        Failure   Level  Hunger
a - Beastly Appendage     Trmt           ##....       8%          1    #......


Dungeon Overview and Level Annotations

Branches:
Dungeon (2/15)

Altars:


Innate Abilities, Weirdness & Mutations

You cannot wear most types of armour.
You are amphibious.
You can wear up to eight rings at the same time.
You can use your tentacles to constrict many enemies at once.
Your skin changes colour to match your surroundings (Stealth).
Your rubbery body absorbs attacks (AC +1).
One of your tentacles bears a large vicious spike.


Message History

You see here a giant newt corpse.
There isn't anything here!
You see here a giant newt corpse.
There is a stone staircase leading down here.
There isn't anything here!
You see here a giant newt corpse.
You butcher the giant newt corpse.
h - 4 chunks of flesh (gained 1)
Your transformation is almost over.
There is a stone staircase leading down here.
Magic restored.
You climb downwards.
The worm bites you!
There is a stone staircase leading up here.
You tentacle-slap the worm. Your grab misses the worm.
The worm is lightly wounded.
You tentacle-slap the worm. You grab the worm.
You pierce the worm.
The worm is lightly wounded.
You constrict the worm. The worm bites you!
Ouch! That really hurt!
You die...

... #.#.. ....g #. .
#.#.# ...... .....
####.#.. ....... ......
...>....##....... #.....#
.......#........ .....#
##.^............ #.....##
#..............# ........
###...........####
........# #....w@.......#
.....##................##
..##.#. .###.#.###...##
.......# # #. #..##
....... #. #..# .h..###
#. .... ...## ## #..##
...# . ....


You could see a worm.

Vanquished Creatures
  A giant gecko (D:1)
  2 goblins (D:1)
  2 hobgoblins
  A jackal (D:1)
  4 bats (D:1)
  A giant cockroach (D:1)
  A giant newt (D:1)
  A kobold (D:1)
  A rat (D:1)
14 creatures vanquished.

Notes
Turn   | Place    | Note
--------------------------------------------------------------
     0 | D:1      | hulla, the Octopode Transmuter, began the quest for the Orb.
     0 | D:1      | Reached XP level 1. HP: 13/13 MP: 3/3
   325 | D:1      | Reached XP level 2. HP: 18/18 MP: 4/4
   847 | D:2      | Slain by a worm

Action                   || total
-------------------------++-------
Melee: Unarmed           ||    35
 Cast: Beastly Appendage ||     8
  Use: Scroll            ||     4
 Stab: Sleeping          ||     1
